 Dungeon Crawl Stone Soup version 0.24.0-37-gcf1ca852f1 (webtiles) character file.

Game seed: 11376792280955609840, levelgen mode: deterministic

17 Descartes the Grasshopper (level 2, 0/13 HPs)
             Began as a Felid Warper on Nov 27, 2019.
             Slain by an adder (4 damage)
             ... on level 1 of the Dungeon.
             The game lasted 00:03:30 (1247 turns).

Descartes the Grasshopper (Felid Warper)            Turns: 1247, Time: 00:03:31

Health: 0/13       AC:  1    Str:  7    XL:     2   Next: 44%
Magic:  6/6        EV: 18    Int: 14    God:
Gold:   39         SH:  0    Dex: 15    Spells: 5/5 levels left
                                        Lives:  0   Deaths: 0

rFire    + . .     SeeInvis +     - Unarmed
rCold    . . .     Gourm    .   (shield unavailable)
rNeg     . . .     Faith    .   (armour unavailable)
rPois    .         Spirit   .   (helmet unavailable)
rElec    .         Reflect  .   (cloak unavailable)
rCorr    .         Harm     .   (gloves unavailable)
MR       .....                  (boots unavailable)
Stlth    ++........             (no amulet)
HPRegen  0.04/turn              a - ring of protection from fire
MPRegen  0.10/turn              (no ring)

@: quick
A: very small, no armour, no weapons or thrown items, stealth, claws 1, fangs 3,
see invisible, carnivore, speed 1, shaggy fur 1, slow metabolism 1, sharp paws
a: no special abilities


You were on level 1 of the Dungeon.
You were completely stuffed.

You visited 1 branch of the dungeon, and saw 2 of its levels.

You collected 39 gold pieces.

Inventory:

Missiles
 f - 44 stones
Jewellery
 a - a ring of protection from fire (left paw)
 n - a +2 amulet of reflection {unknown}
Scrolls
 b - a scroll of blinking
 d - a scroll of identify {unknown}
 l - a scroll of fog {unknown}
 m - a scroll of immolation {unknown}
Potions
 e - a potion of curing {unknown}
 g - a potion of flight {unknown}
 h - 2 potions of heal wounds {unknown}
 j - 2 potions of brilliance {unknown}
 k - a potion of magic {unknown}
Comestibles
 c - 3 rations
 i - a chunk of flesh


   Skills:
 + Level 2.1 Fighting
 + Level 3.4 Dodging
 + Level 1.0 Stealth
 * Level 2.5 Unarmed Combat
 + Level 2.1 Spellcasting
   Level 4.4 Translocations


You had 5 spell levels left.
You didn't know any spells.
Your spell library contained the following spells:

 Spells                   Type           Power        Failure   Level  Hunger
 Blink                    Tloc           N/A          6%          2    ###....
 Gell's Gravitas          Tloc           ##........   12%         3    ###....
 Lesser Beckoning         Tloc           ##........   12%         3    ###....
 Teleport Other           Tloc           ##......     12%         3    ###....
 Shroud of Golubria       Chrm/Tloc      #.....       14%         2    ###....
 Passage of Golubria      Tloc           N/A          36%         4    #####..


Dungeon Overview and Level Annotations

Branches:
Dungeon (2/15)

Altars:


Innate Abilities, Weirdness & Mutations

You cannot wear armour.
You are incapable of wielding weapons or throwing items.
Your paws allow you to move quietly. (Stealth)
You have sharp claws.
You have razor-sharp teeth.
You have supernaturally acute eyesight. (SInv)
You are carnivorous and can eat meat at any time.
You cover ground quickly.
You are covered in fur. (AC +1)
You have a slow metabolism.
Your sharp claws are effective at attacking unaware monsters.


Message History

The adder barely misses you.
You scratch the adder.
The adder is lightly wounded.
The adder barely misses you. The adder completely misses you.
You barely miss the adder.
The adder is lightly wounded.
The adder closely misses you.
You closely miss the adder. You claw the adder. Your bite misses the adder.
The adder is moderately wounded.
The adder closely misses you.
You barely miss the adder.
The adder is moderately wounded.
The adder closely misses you.
You scratch the adder.
The adder is severely wounded.
The adder bites you.
You closely miss the adder.
The adder is severely wounded.
The adder closely misses you. The adder bites you.
You die...

########## #.#######' .........#
#.#....... ########.##
#######.#....... #..#
#...##..#....... ####.##
#.......#....... #.....#
#...###.#....... #.....#
#..)###.#.......
######.....#######...##..#.......
.....'.......r.S@'.......#.......
...###......######....#..##'#####
...# #......## ####.#..........
...# #.......## #.#######.###
...###........# #.# #.###
###.#####.....# #.# #####....
.^..# #.....## #.# #........
###.# #......# #.# #........ #.#
#.....r## #.# #........


You could see an adder and a rat.

Vanquished Creatures
  A leopard gecko (D:2)
  A ball python (D:2)
  2 giant cockroaches (D:1)
  2 goblins (D:1)
  2 hobgoblins (D:1)
  2 bats
  2 frilled lizards (D:1)
  4 rats
16 creatures vanquished.

Notes
Turn   | Place    | Note
-------+----------+-------------------------------------------
     0 | D:1      | Descartes the Felid Warper began the quest for the Orb.
     0 | D:1      | Reached XP level 1. HP: 9/9 MP: 4/4
   749 | D:1      | Reached XP level 2. HP: 13/13 MP: 6/6
   886 | D:2      | Reached skill level 1 in Stealth
  1247 | D:1      | Slain by an adder

Levels and vault maps discovered:
D:1:      wheals_arrival_linesprint, layout_basic, minivault_25
D:2:      layout_rooms

Skill      XL: |  1  2 |
---------------+-------+-----
Stealth        | 1 |  1.0
Fighting       | |  2.1
Dodging        | |  3.4
Unarmed Combat | |  2.5
Spellcasting   | |  2.1
Translocations | |  4.4

Action                   || total
-------------------------++-------
Melee: Unarmed           ||    76
       Bite              ||     5
       Punch             ||     1
 Stab: Sleeping          ||     2
  Eat: Chunk             ||     8
Armor: Skin              ||     4
Dodge: Dodged            ||    81
